 Dungeon Crawl Stone Soup version 0.26-a0-146-g24f6d3962c (webtiles) character file.

Game seed: 2450157884261655711

502 MrRokkomies the Ducker (level 7, -1/41 HPs)
             Began as a Kobold Wizard on June 29, 2020.
             Was a Follower of Sif Muna.
             Slain by a slave (10 damage)
             ... led by Pikel
             ... on level 4 of the Dungeon.
             The game lasted 00:17:00 (5285 turns).

MrRokkomies the Ducker (Kobold Wizard)              Turns: 5285, Time: 00:17:00

Health: -1/41      AC:  5    Str:  6    XL:     7   Next: 40%
Magic:  9/11       EV: 17    Int: 19    God:    Sif Muna [*.....]
Gold:   127        SH:  0    Dex: 14    Spells: 4/12 levels left

rFire    . . .     SeeInvis .   n - +2 short sword (freeze)
rCold    . . .     Faith    .   (shield restricted)
rNeg     . . .     Spirit   .   a - +0 robe
rPois    .         Reflect  .   c - +0 helmet
rElec    .         Harm     .   f - +0 cloak
rCorr    .                      (no gloves)
MR       .....                  l - +0 pair of boots
Stlth    ++........             (no amulet)
HPRegen  0.13/turn              k - ring of wizardry
MPRegen  0.12/turn              (no ring)

@: no status effects
A: small, carnivore
a: Channel Magic, Renounce Religion


You were on level 4 of the Dungeon.
You worshipped Sif Muna.
Sif Muna was aware of your devotion.
You were very full.

You visited 1 branch of the dungeon, and saw 4 of its levels.
You also visited: Sewer.

You collected 127 gold pieces.

Inventory:

Hand Weapons
 i - a +0 hand axe
 n - a +2 short sword of freezing (weapon)
Armour
 a - a +0 robe (worn)
 b - a +0 hat
 c - a +0 helmet (worn)
 f - a +0 cloak (worn)
 l - a +0 pair of boots (worn)
Jewellery
 k - a ring of wizardry (left hand)
Wands
 h - a wand of iceblast (4)
Scrolls
 g - 2 scrolls of amnesia
 o - a scroll of immolation
 q - 5 scrolls of teleportation
 r - a scroll of magic mapping {unknown}
 u - a scroll of acquirement {unknown}
Potions
 e - 6 potions of curing
 m - a potion of ambrosia {unknown}
 p - 3 potions of might {unknown}
 s - 4 potions of flight {unknown}
 t - a potion of haste {unknown}
Comestibles
 d - 6 rations


   Skills:
 + Level 3.1 Fighting
 - Level 5.0 Dodging
 - Level 2.6 Stealth
 - Level 3.2 Spellcasting
 * Level 4.1 Conjurations
 + Level 2.8 Summonings
 - Level 1.0 Translocations
 * Level 1.8 Air Magic


You had 4 spell levels left.
You knew the following spells:

 Your Spells              Type           Power        Failure   Level  Hunger
a - Magic Dart            Conj           ###.         1%          1    None
b - Call Imp              Summ           ##......     2%          2    ##.....
c - Blink                 Tloc           N/A          6%          2    ##.....
d - Mephitic Cloud        Conj/Pois/Air  ##......     9%          3    ###....

Your spell library contained the following spells:

 Spells                   Type           Power        Failure   Level  Hunger
 Conjure Flame            Conj/Fire      ##......     8%          3    ###....
 Slow                     Hex            #.......     9%          2    ##.....


Dungeon Overview and Level Annotations

Branches:
Dungeon (4/15)              Sewer (visited)
 Temple: D:4-7

Altars:
Sif Muna
Xom
Zin

Annotations:
D:4 Pikel


Innate Abilities, Weirdness & Mutations

You are small and have problems with some larger weapons.
You are carnivorous and can eat meat at any time.


Message History

You hit the slave but do no damage.
The slave is moderately wounded.
The slave is engulfed in noxious fumes.
The slave appears confused.
The slave misses you.
You barely miss the slave.
The slave is heavily wounded.
The slave is engulfed in noxious fumes.
The slave appears confused.
The slave closely misses you.
You hit the slave. You freeze the slave.
The slave is severely wounded.
The slave is engulfed in noxious fumes.
The slave hits you!
* * * LOW HITPOINT WARNING * * *
You closely miss the slave.
The slave is severely wounded.
You hit the slave but do no damage.
The slave is severely wounded.
You hit the slave but do no damage.
The slave is severely wounded.
The slave hits you!
You die...

###..### #.##..#.##
#...._# #.###.#.# ###..###
#p# #.#.# #......# #.#
#.#.# ##########..### #.#
#.#.# .......#.....#
#.###.#.# ###..####_.⌠##
#..p....#
.)....################.###
###)............@p.....#
#.....################
#######


You could see a slave (confused).

Vanquished Creatures
  2 slaves (D:4)
  A phantom (D:4)
  3 big kobolds (Sewer)
  A worker ant (D:4)
  7 adders
  A gnoll (D:2)
  An ooze (Sewer)
  A dart slug (D:1)
  2 worms
  A leopard gecko (D:3)
  7 orcs
  3 ball pythons (Sewer)
  9 bats
  2 giant cockroaches (D:3)
  4 goblins
  7 hobgoblins
  10 kobolds
  A quokka (D:3)
  4 frilled lizards
  7 rats
74 creatures vanquished.

Vanquished Creatures (collateral kills)
  2 orc wizards (D:4)
  2 gnolls (D:2)
  A river rat (Sewer)
  A worm (D:3)
  An orc (D:4)
  A goblin (D:1)
  A hobgoblin (D:1)
  A kobold (D:1)
  A frilled lizard (D:1)
  A rat (Sewer)
12 creatures vanquished.

Grand Total: 86 creatures vanquished

Notes
Turn   | Place    | Note
-------+----------+-------------------------------------------
     0 | D:1      | MrRokkomies the Kobold Wizard began the quest for the Orb.
     0 | D:1      | Reached XP level 1. HP: 10/10 MP: 4/4
   365 | D:1      | Reached XP level 2. HP: 16/16 MP: 1/6
   370 | D:1      | Learned a level 2 spell: Call Imp
   713 | D:1      | Reached skill level 1 in Fighting
   735 | D:1      | Reached skill level 3 in Dodging
   895 | D:1      | Reached XP level 3. HP: 19/20 MP: 1/7
  1057 | D:2      | Learned a level 2 spell: Blink
  1061 | D:2      | Learned a level 3 spell: Mephitic Cloud
  1878 | D:2      | Found a shimmering blue altar of Sif Muna.
  1884 | D:2      | Became a worshipper of Sif Muna the Loreminder
  2100 | D:2      | Reached XP level 4. HP: 25/25 MP: 3/8
  2599 | D:3      | Found a shimmering altar of Xom.
  2704 | D:3      | Found a glowing drain.
  2733 | Sewer    | Entered a sewer
  2786 | Sewer    | Reached skill level 4 in Dodging
  2786 | Sewer    | Reached XP level 5. HP: 27/30 MP: 6/9
  2891 | Sewer    | Noticed a big kobold
  2901 | Sewer    | Noticed a big kobold
  2903 | Sewer    | Killed a big kobold
  2916 | Sewer    | Killed a big kobold
  2916 | Sewer    | Reached XP level 6. HP: 35/35 MP: 5/10
  3079 | Sewer    | Reached * piety under Sif Muna
  3093 | Sewer    | Reached skill level 5 in Dodging
  4090 | D:4      | Reached XP level 7. HP: 28/40 MP: 5/11
  4098 | D:4      | Reached skill level 1 in Air Magic
  4433 | D:4      | Found a glowing silver altar of Zin.
  4434 | D:4      | Found a shimmering blue altar of Sif Muna.
  4646 | D:4      | Noticed Pikel
  5285 | D:4      | Slain by a slave

Illustrated notes

Levels and vault maps discovered:
D:1:      dpeg_arrival_fog, layout_rooms, st_stairs_3,
          chequers_serial_rivers_micro_a, minmay_tromino_v4_c
D:2:      layout_loops_ring, first_ration, led_sif_pool
D:3:      layout_loops_ring, nicolae_overflow_crystal_walls,
          cheibrodos_sewer_entry_bend
D:4:      layout_loops_ring, minitemple, dk_noncrumbling_4, uniq_pikel

Skill      XL: |  1  2  3  4  5  6  7 |
---------------+----------------------+-----
Fighting       | 1 2 3 |  3.1
Dodging        | 3 4 5 |  5.0
Conjurations   | 2 3 4 |  4.1
Summonings     | 2 |  2.8
Air Magic      | 1 |  1.8
Stealth        | |  2.6
Spellcasting   | |  3.2
Translocations | |  1.0

Action                   |  1- 3 |  4- 6 |  7- 9 || total
-------------------------+-------+-------+-------++-------
Melee: Unarmed           |    36 |       |       ||    36
       Short sword       |    20 |   145 |    83 ||   248
       Hand axe          |     4 |       |       ||     4
Throw: Dart              |       |       |     6 ||     6
 Cast: Magic Dart        |    57 |    20 |    16 ||    93
       Call Imp          |     8 |     6 |     2 ||    16
       Blink             |     1 |       |     4 ||     5
       Mephitic Cloud    |       |     2 |     5 ||     7
Evoke: Wand              |       |     2 |       ||     2
  Use: Scroll            |     3 |     5 |       ||     8
 Stab: Sleeping          |     1 |     4 |       ||     5
       Confused          |       |     1 |       ||     1
  Eat: Chunk             |    12 |     7 |     4 ||    23
Armor: Robe              |    17 |    19 |    11 ||    47
Dodge: Dodged            |    56 |   131 |    60 ||   247

Table legend:
 A = Non-vault XP
 B = Vault XP
 C = Vault XP percentage of total XP
 D = Non-vault monster count
 E = Vault monster count
 F = Vault count percentage of total count
                 A         B        C        D         E       F
            +---------+---------+-------+---------+---------+-------
      Total |     374 |     344 |  47.9 |      62 |      22 |  26.2
            +---------+---------+-------+---------+---------+-------
        D:1 |      24 |       5 |  17.2 |      15 |       3 |  16.7
        D:2 |      59 |       0 |   0.0 |      17 |       0 |   0.0
        D:3 |      67 |       6 |   8.2 |      18 |       2 |  10.0
        D:4 |     224 |       0 |   0.0 |      12 |       0 |   0.0
      Sewer |       0 |     333 | 100.0 |       0 |      17 | 100.0
            +---------+---------+-------+---------+---------+-------
